Map: Torres Crepusculares

Players

Science

  • Race: Protoss Protoss
  • League: Master

TheZergLord - Winner!

  • Race: Zerg Zerg
  • League: Master

VOD

Have the link to the VOD?

Description

Time

  • Played on: Feb. 27, 2016, 1:06 p.m.
  • Length: 12:49
Show
View Real Time Build Order
Export as new Build Order

Science Protoss 

Build Orders: Nexus First, Oracle Opening 

Get SALT Encoding   

  12  0:01  Probe (Chrono Boost)  
  13  0:11  Probe (Chrono Boost)  
  14  0:17  Pylon  
  14  0:22  Probe (Chrono Boost)  
  16  0:35  Probe (Chrono Boost)  
  16  0:46  Probe (Chrono Boost)  
  17  1:01  Nexus  
  17  1:12  Gateway  
  17  1:15  Probe (Chrono Boost)  
  18  1:23  Assimilator  
  18  1:26  Probe (Chrono Boost)  
  19  1:33  Assimilator  
  19  1:36  Probe (Chrono Boost)  
  20  1:45  Pylon  
  20  1:47  Probe (Chrono Boost)  
  21  1:57  Probe (Chrono Boost)  
  21  1:59  Cybernetics Core  
  22  2:08  Probe (Chrono Boost)  
  23  2:15  Probe (Chrono Boost)  
  24  2:19  Probe (Chrono Boost)  
  25  2:25  Probe (Chrono Boost)  
  25  2:29  Probe (Chrono Boost)  
  27  2:34  Probe (Chrono Boost)  
  27  2:35  Stalker (Chrono Boost)  
  30  2:40  Mothership Core  
  32  2:46  Warp Gate, Probe  
  32  2:50  Assimilator  
  33  2:57  Probe  
  33  3:01  Stargate, Probe  
  35  3:08  Adept (Chrono Boost)  
  35  3:09  Probe  
  38  3:13  Probe  
  38  3:19  Probe  
  39  3:25  Probe  
  41  3:28  Gateway  
  41  3:30  Probe  
  41  3:32  Robotics Facility  
  42  3:40  Pylon, Probe  
  43  3:47  Oracle (Chrono Boost)  
  46  3:49  Assimilator  
  46  4:06  Nexus  
  46  4:09  Probe x2  
  47  4:11  Pylon  
  48  4:20  Void Ray (Chrono Boost)  
  52  4:30  Warp Prism (Chrono Boost)  
  54  4:32  Probe  
  54  4:34  Probe  
  56  4:42  Gateway  
  56  4:44  Probe  
  58  4:54  Stalker x2  
  58  4:57  Probe  
  58  4:59  Pylon  
  62  5:08  Pylon  
  62  5:17  Probe x2  
  62  5:19  Adept x2  
  68  5:29  Probe x2  
  68  5:30  Robotics Bay  
  70  5:42  Probe x2  
  72  5:44  Void Ray  
  72  5:46  Probe  
  73  5:54  Probe x2  
  73  5:56  Pylon  
  79  5:57  Probe  
  79  5:58  Forge  
  79  6:00  Pylon  
  80  6:06  Probe x2  
  82  6:12  Pylon, Probe  
  82  6:14  Immortal (Chrono Boost), Gateway  
  82  6:18  Probe x2  
  89  6:23  Probe  
  90  6:30  Void Ray, Probe  
  91  6:34  Gravitic Drive (Chrono Boost)  
  91  6:38  Robotics Facility  
  95  6:42  Probe  
  95  6:46  Disruptor (Chrono Boost)  
  99  6:54  Probe  
  99  6:57  Probe  
  101  7:06  Probe  
  102  7:09  Protoss Ground Weapons Level 1 (Chrono Boost)  
  102  7:12  Probe  
  102  7:13  Void Ray (Chrono Boost), Disruptor  
  102  7:14  Assimilator  
  102  7:15  Assimilator  
  103  7:18  Probe  
  103  7:20  Pylon  
  107  7:22  Nexus  
  107  7:24  Disruptor  
  107  7:26  Pylon  
  107  7:28  Assimilator  
  110  7:30  Probe  
  110  7:32  Assimilator  
  111  7:40  Twilight Council  
  111  7:42  Forge  
  111  7:43  Probe  
  112  7:46  Observer  
  113  7:52  Pylon  
  113  7:53  Void Ray (Chrono Boost)  
  113  7:54  Probe  
  113  7:55  Probe x2  
  113  7:56  Pylon  
  120  7:59  Pylon  
  120  8:01  Pylon x2  
  120  8:03  Pylon  
  120  8:07  Zealot x4  
  128  8:17  Disruptor  
  128  8:18  Probe  
  134  8:30  Probe  
  135  8:35  Void Ray (Chrono Boost)  
  135  8:36  Probe  
  135  8:38  Probe x2  
  135  8:40  Stalker  
  135  8:41  Stalker x3  
  148  8:42  Protoss Ground Armor Level 1 (Chrono Boost), Probe  
  148  8:48  Disruptor  
  149  8:54  Gateway  
  152  8:56  Gateway  
  152  9:01  Warp Prism  
  152  9:08  Stalker  
  152  9:09  Stalker  
  148  9:10  Stalker  
  148  9:14  Void Ray (Chrono Boost)  
  154  9:19  Disruptor  
  154  9:21  Probe  
  156  9:32  Probe x2  
  158  9:40  Probe  
  158  9:41  Probe  
  158  9:42  Stalker x4  
  158  9:44  Probe  
  169  9:50  Void Ray (Chrono Boost), Probe x2  
  169  9:51  Templar Archives  
  175  9:57  Nexus, Probe  
  175  9:59  Pylon  
  176  10:03  Assimilator  
  176  10:06  Stalker x4  
  184  10:08  Assimilator  
  184  10:09  Pylon  
  184  10:12  Pylon  
  184  10:15  Blink (Chrono Boost)  
  184  10:21  Disruptor  
  187  10:42  Stalker x2  
  178  10:43  Stalker  
  177  11:02  Stalker  
  154  11:24  Stalker  
  154  11:25  Stalker x3  
  128  11:32  Void Ray (Chrono Boost)  
  123  11:33  Probe x3  
  123  11:35  Disruptor (Chrono Boost)  
  123  11:36  Nexus  
  133  11:45  Probe x3  
  136  11:55  Nexus  
  136  11:57  Pylon, Probe x3  
  136  12:00  Stalker x3  
  136  12:01  Stalker  
  149  12:09  Disruptor (Chrono Boost), Probe x2  
  149  12:15  Gateway  
  151  12:17  Gateway  
  151  12:20  Gateway  
  121  12:26  Stalker  
  121  12:27  Stalker x4  
  121  12:28  Stalker  
Show
View Real Time Build Order
Export as new Build Order

TheZergLord Zerg - Winner!

Build Orders: Hatch First, Lurkers 

Get SALT Encoding   

  12  0:01  Drone  
  13  0:12  Overlord  
  13  0:17  Drone  
  14  0:32  Drone x2  
  14  0:34  Drone  
  17  0:54  Hatchery  
  17  0:55  Drone  
  17  0:58  Drone  
  18  1:09  Extractor  
  17  1:14  Spawning Pool  
  17  1:16  Drone  
  17  1:19  Drone  
  18  1:28  Drone  
  19  1:40  Drone  
  20  1:49  Hatchery  
  19  2:04  Zergling x2  
  19  2:06  Queen  
  22  2:12  Metabolic Boost  
  22  2:14  Drone  
  23  2:22  Queen  
  25  2:28  Overlord  
  25  2:32  Drone  
  25  2:33  Drone  
  25  2:37  Drone  
  28  2:45  Queen  
  28  2:50  Drone  
  28  2:51  Drone  
  32  2:53  Drone  
  32  2:55  Drone  
  32  2:58  Drone  
  35  3:01  Drone  
  36  3:07  Queen  
  38  3:14  Overlord  
  38  3:16  Drone x2  
  40  3:23  Drone  
  40  3:24  Drone  
  42  3:31  Overlord  
  42  3:33  Drone x4  
  42  3:34  Drone  
  47  3:37  Drone x2  
  47  3:40  Drone  
  50  3:49  Spore Crawler  
  50  3:51  Drone  
  50  3:53  Spore Crawler  
  50  3:55  Spore Crawler, Drone x2  
  49  3:56  Drone x3  
  49  3:57  Drone  
  49  4:02  Overlord  
  54  4:06  Drone x3  
  57  4:13  Lair  
  57  4:17  Roach Warren, Extractor  
  56  4:18  Drone  
  56  4:19  Drone  
  56  4:23  Drone  
  56  4:24  Drone x4  
  62  4:25  Drone  
  62  4:27  Drone  
  62  4:30  Drone  
  66  4:42  Hatchery  
  65  4:46  Evolution Chamber, Overlord  
  64  4:57  Zergling x4  
  65  5:01  Overlord x2  
  65  5:03  Extractor  
  65  5:04  Extractor  
  65  5:05  Extractor  
  65  5:06  Drone x2, Extractor  
  65  5:07  Drone x2  
  65  5:08  Extractor  
  62  5:15  Queen  
  62  5:16  Drone  
  62  5:18  Zerg Missile Weapons Level 1, Overlord x2  
  62  5:20  Drone x4  
  62  5:21  Drone x5  
  74  5:28  Glial Reconstitution  
  74  5:38  Drone x2  
  75  5:46  Drone  
  75  5:48  Hydralisk Den  
  75  5:51  Roach  
  75  5:52  Roach x7  
  75  5:54  Drone x2  
  75  5:55  Drone x7  
  75  5:56  Queen  
  102  6:10  Drone x2  
  104  6:11  Spore Crawler  
  104  6:16  Overlord x2  
  104  6:18  Extractor  
  102  6:19  Extractor  
  102  6:25  Drone x4  
  101  6:29  Lurker Den  
  101  6:33  Hydralisk  
  101  6:34  Hydralisk x8  
  119  6:42  Drone  
  119  6:43  Overlord x3  
  119  6:44  Spine Crawler x2  
  119  6:45  Spine Crawler  
  115  6:53  Overlord x2  
  114  6:54  Drone x3  
  114  6:55  Drone x2  
  114  6:58  Drone  
  118  7:01  Infestation Pit  
  116  7:15  Drone x2  
  116  7:16  Drone x9  
  116  7:19  Spine Crawler  
  116  7:21  Overlord  
  116  7:22  Spine Crawler  
  124  7:24  Zerg Missile Weapons Level 2  
  124  7:28  Drone  
  124  7:29  Hydralisk x2  
  125  7:30  Spire  
  128  7:41  Hive  
  128  7:44  Hydralisk x3  
  128  7:45  Hydralisk x2  
  128  7:50  Drone  
  139  7:57  Lurker x6  
  139  7:58  Lurker  
  146  8:06  Hatchery  
  145  8:14  Spine Crawler  
  145  8:19  Drone  
  145  8:25  Overlord x2  
  145  8:33  Spine Crawler  
  144  8:36  Hatchery, Roach x9  
  144  8:37  Roach x3  
  144  8:38  Muscular Augments, Spine Crawler  
  144  8:40  Overlord x3  
  166  8:45  Spine Crawler  
  166  8:47  Hydralisk x2  
  166  8:48  Hydralisk  
  172  8:57  Greater Spire  
  168  9:03  Hatchery  
  168  9:09  Hydralisk x8  
  175  9:10  Hydralisk  
  185  9:26  Hydralisk x6  
  185  9:27  Hydralisk  
  189  9:44  Zerg Missile Weapons Level 3  
  189  9:46  Overseer  
  189  9:57  Lurker  
  189  9:58  Lurker x6  
  196  10:00  Lurker x2  
  163  11:05  Hydralisk  
  163  11:06  Hydralisk x17  
  190  11:22  Hydralisk  
  190  11:23  Hydralisk x18  
  186  11:48  Drone x6  
  186  11:49  Drone  
  186  11:50  Hydralisk x2  
  186  11:51  Hydralisk  
  199  12:02  Spine Crawler x2  
  199  12:03  Spine Crawler  
  199  12:04  Extractor  
  199  12:05  Spine Crawler x2, Hydralisk x3  
  199  12:07  Extractor, Spine Crawler  
  199  12:08  Spore Crawler, Spine Crawler  
Tags
 
Add a new tag
Caveats
  • Supply blocks, unpowered buildings, or Contaminate may cause inaccurate times.
  • Supply counts are checked every 10 seconds.